 Dungeon Crawl Stone Soup version 0.32-a0-699-g1ee5eff (webtiles) character file.

Game seed: 6860520418452766687

76 Toastz the Shooter (level 4, -4/34 HPs)
             Began as a Human Hunter on Mar 13, 2024.
             Slain by Natasha (7 damage)
             ... on level 2 of the Dungeon.
             The game lasted 00:04:23 (1390 turns).

Toastz the Shooter (Human Hunter)                   Turns: 1390, Time: 00:04:23

Health: -4/34      AC:  5    Str: 11    XL:     4   Next: 32%
Magic:  4/4        EV: 11    Int:  9    God:
Gold:   21         SH:  0    Dex: 19    Spells: 3/3 levels left

rFire   . . .        a - +0 shortbow
rCold   . . .        (shield currently unavailable)
rNeg    . . .        c - +0 leather armour
rPois   .            l - +0 helmet
rElec   .            (no cloak)
rCorr   .            k - +0 pair of gloves
SInv    .            (no boots)
Will    .....        (no amulet)
Stlth   ++           (no ring)
HPRegen 0.25/turn    (no ring)
MPRegen 0.09/turn

%: no passive effects
@: no status effects
A: explore regen
a: no special abilities


You were on level 2 of the Dungeon.
You visited 1 branch of the dungeon, and saw 2 of its levels.

You collected 111 gold pieces.
You spent 90 gold pieces at shops.

Inventory:

Hand Weapons
 a - a +0 shortbow (weapon)
Armour
 c - a +0 leather armour (worn)
 k - a +0 pair of gloves (worn)
 l - a +0 helmet (worn)
Scrolls
 b - a scroll of butterflies
 d - 3 scrolls of teleportation
 e - a scroll of noise {unknown}
 h - a scroll of fog {unknown}
 i - a scroll of brand weapon {unknown}
Potions
 f - a potion of degeneration {unknown}
 g - a potion of might {unknown}
 j - a potion of attraction {unknown}


   Skills:
 + Level 2.7 Fighting
 * Level 4.9 Ranged Weapons
 + Level 0.0 Armour
 - Level 2.7 Dodging
 - Level 1.0 Stealth


You had 3 spell levels left.
You didn't know any spells.
Your spell library contained the following spells:

 Spells                   Type           Power      Damage    Failure   Level
 Freeze                   Ice            0%         1d3       47%         1
 Magic Dart               Conj           0%         1d3       47%         1
 Blink                    Tloc           0%         N/A       63%         2
 Cigotuvi's Dreadful Rot  Necr/Alch/Air  0%         N/A       63%         2
 Lesser Beckoning         Tloc           0%         N/A       63%         2
 Momentum Strike          Conj/Tloc      0%         3d8       63%         2
 Fugue of the Fallen      Necr           0%         N/A       85%         3
 Ozocubu's Armour         Ice            0%         N/A       85%         3
 Dispel Undead            Necr           0%         3d6       99%         4
 Manifold Assault         Tloc           0%         N/A       99%         4
 Martyr's Knell           Necr/Summ      0%         N/A       99%         4
 Freezing Cloud           Conj/Ice/Air   0%         6-21      100%        5
 Sculpt Simulacrum        Ice/Alch       0%         N/A       100%        6
 Polar Vortex             Ice            0%         N/A       100%        9


Dungeon Overview and Level Annotations

Branches:
Dungeon (2/15)

Altars:

Shops:
D:1 :[:([   D:2 [

Annotations:
D:2 Natasha


Innate Abilities, Weirdness & Mutations

You regain HP and MP as you explore.


Message History

You shoot an arrow. The arrow hits Natasha!
Natasha is heavily wounded.
The goblin hits you with a +0 club. Natasha closely misses you.
The goblin hits you with a +0 club. The goblin barely misses you.
You shoot an arrow. The arrow closely misses Natasha.
The goblin hits you but does no damage. Natasha barely misses you.
The goblin barely misses you. The goblin hits you but does no damage.
The goblin hits you with a +0 club. x2; The goblin hits you but does no damage.
Natasha wildly gestures.
Natasha's front paws start to glow.
Natasha claws you but does no damage.
You shoot an arrow. The arrow barely misses Natasha.
The goblin hits you but does no damage. Natasha claws you.
* * * LOW HITPOINT WARNING * * *
The goblin closely misses you. The goblin hits you but does no damage.
You shoot an arrow. The arrow closely misses Natasha.
The goblin closely misses you. Natasha barely misses you.
The goblin hits you but does no damage. The goblin misses you.
You shoot an arrow. The arrow closely misses Natasha.
The goblin barely misses you. Natasha claws you.
* * * LOW HITPOINT WARNING * * *
The goblin barely misses you. The goblin closely misses you.
You shoot an arrow.
The arrow hits Natasha but does no damage.
Natasha is heavily wounded.
The goblin completely misses you. Natasha closely misses you.
The goblin barely misses you. The goblin hits you but does no damage.
You shoot an arrow. The arrow closely misses Natasha.
The goblin hits you but does no damage. Natasha claws you.
* * * LOW HITPOINT WARNING * * *
The goblin closely misses you. The goblin hits you but does no damage.
The goblin hits you with a +0 club.
* * * LOW HITPOINT WARNING * * *
The goblin barely misses you. The goblin closely misses you.
Natasha claws you but does no damage.
You shoot an arrow. The arrow hits Natasha.
Natasha is almost dead.
The goblin closely misses you. Natasha claws you!
You die...
Natasha curls up and begins to purr.

.......#.#.#.###
#^.........#
#####..#.#÷#.#
#..........#
.........#.#.#
###..........#
#####..#.#.#.#
###......####### #
#.........###.÷.#....#
#
#.......###.....######
# #.....####..#'#..#
###.>.####.##h##.###
#...##...#g@g#...##
#...#..####g####..#
#..)#.##


ggg ##.# #...#.# '...+ #.# #...#.##.#...# ##.# #...#..####+####..#
######.####...# #...######## ..........###.## ##.#......... ######.##.#
#..###..#.######## You could see Natasha, 2 hobgoblins and 4 goblins.

Vanquished Creatures
  Natasha (D:2)
  A ribbon worm (D:2)
  2 dart slugs (D:1)
  4 bats
  5 endoplasms (D:1)
  A giant cockroach (D:1)
  7 goblins
  5 hobgoblins
  4 jackals (D:2)
  A quokka (D:2)
  3 ball pythons
  4 frilled lizards
  A kobold (D:1)
  2 rats (D:1)
41 creatures vanquished.

Notes
Turn   | Place    | Note
-------+----------+-------------------------------------------
     0 | D:1      | Toastz the Human Hunter began the quest for the Orb.
     0 | D:1      | Reached XP level 1. HP: 16/16 MP: 1/1
   102 | D:1      | Reached XP level 2. HP: 22/22 MP: 2/2
   142 | D:1      | Got the Grimoire of Congelation and Ceraunoscopy
   268 | D:1      | Found Ako Otz's Book Shop.
   283 | D:1      | Found Unaaxe Nami's Armour Shop.
   308 | D:1      | Found Pew Hiog's Book Shoppe.
   358 | D:1      | Reached XP level 3. HP: 28/28 MP: 3/3
   614 | D:1      | Found Jysargh's Armour Boutique.
   619 | D:1      | Got the Elucidation of Hyperborean Concussion
   632 | D:1      | Found Kyedih's Antique Weapon Shop.
   958 | D:2      | Noticed Natasha
   972 | D:2      | Killed Natasha
   973 | D:2      | Reached XP level 4. HP: 13/34 MP: 4/4
  1270 | D:2      | Found Ehofuth's Armour Shop.
  1276 | D:2      | Bought a +0 pair of gloves for 45 gold pieces
  1276 | D:2      | Bought a +0 helmet for 45 gold pieces
  1377 | D:2      | Noticed Natasha
  1390 | D:2      | Slain by Natasha

Illustrated notes

Levels and vault maps discovered:
D:1:      dpeg_arrival_three_same_balls, layout_basic, serial_shops, shop,
          nicolae_shop_pleasant_corner_grove, nicolae_shop_trees,
          nicolae_shop_tiny_glass, shop
D:2:      cheibrodos_greedy_goblins, layout_basic, serial_shops, shop,
          minmay_mini_jars, uniq_natasha

Action                     |  1- 3 |  4- 6 || total
---------------------------+-------+-------++-------
   Fire: Shortbow          |    88 |    27 ||   115
    Use: Potion            |     1 |       ||     1
         Scroll            |       |     1 ||     1
 Armour: Leather armour    |    36 |    33 ||    69
  Dodge: Dodged            |    34 |    32 ||    66

Table legend: (Time is in decaauts)
 A = Elapsed time spent in this place.
 B = Non-inter-level travel time spent in this place.
 C = Inter-level travel time spent in this place.
 D = Time resting spent in this place.
 E = Time spent auto-exploring this place.
 F = Levels seen in this place.
 G = Mean time per level.
                   A        B        C        D        E       F      G
               +--------+--------+--------+--------+--------+-----+--------+
         Total |   1416 |   1412 |      4 |      0 |   1187 |   2 |  708.0 |
       Dungeon |   1416 |   1412 |      4 |      0 |   1187 |   2 |  708.0 |
               +--------+--------+--------+--------+--------+-----+--------+

Top non-repeatable levels by time:
     D:1: 746 daAuts
     D:2: 669 daAuts
